[ AOE2 MATCH · #477999976 ]
UnrankedSpanish vs Portuguese
[ REPLAY ANALYSIS · EXTRACTED FROM THE RECORDED GAME ]
Feudal
12:20
Castle
19:48
Imperial
35:22
| APM avg | 18.5 |
| APM peak | 37 |
| eAPM avg | 11.9 |
| Villagers / military | 150 / 280 |
Focus
⚔️ 25.0% · 🌾 75.0%
Knight ×280 · Trade Cart ×68
Feudal
11:28
Castle
16:19
Imperial
33:52
| APM avg | 27.9 |
| APM peak | 67 |
| eAPM avg | 17.6 |
| Villagers / military | 168 / 189 |
Focus
⚔️ 16.8% · 🌾 83.2%
Spearman ×116 · Bombard Cannon ×73 · Trade Cart ×19
Feudal
11:28
Castle
14:57
Imperial
32:38
| APM avg | 38.4 |
| APM peak | 88 |
| eAPM avg | 25.1 |
| Villagers / military | 205 / 157 |
Focus
⚔️ 26.3% · 🌾 73.7%
Spearman ×43 · Knight ×42 · Bombard Cannon ×34 · Organ Gun ×24 · Scout Cavalry ×10 · Monk ×3
Feudal
11:12
Castle
15:07
Imperial
30:31
| APM avg | 25.9 |
| APM peak | 56 |
| eAPM avg | 17.4 |
| Villagers / military | 390 / 294 |
Focus
⚔️ 20.4% · 🌾 79.6%
Spearman ×144 · Scorpion ×133 · Trade Cart ×46 · Mangonel ×12 · Bombard Cannon ×5
Feudal
9:33
Castle
20:17
Imperial
34:33
| APM avg | 30.9 |
| APM peak | 62 |
| eAPM avg | 16.6 |
| Villagers / military | 180 / 422 |
Focus
⚔️ 28.7% · 🌾 71.3%
Scout Cavalry ×273 · Mangudai ×110 · Mangonel ×25 · Trade Cart ×25 · Battering Ram ×9 · Monk ×5
Feudal
12:53
Castle
25:02
Imperial
50:15
| APM avg | 17.1 |
| APM peak | 72 |
| eAPM avg | 12.7 |
| Villagers / military | 154 / 74 |
Focus
⚔️ 22.3% · 🌾 77.7%
Trade Cart ×81 · Scorpion ×44 · Bombard Cannon ×21 · Spearman ×7 · Monk ×1 · Militia ×1
Feudal
11:48
Castle
15:18
Imperial
33:08
| APM avg | 24.3 |
| APM peak | 74 |
| eAPM avg | 16.4 |
| Villagers / military | 199 / 204 |
Focus
⚔️ 29.1% · 🌾 70.9%
Mameluke ×202 · Trade Cart ×64 · Spearman ×2
Feudal
12:19
Castle
27:45
Imperial
46:33
| APM avg | 13.7 |
| APM peak | 36 |
| eAPM avg | 10.2 |
| Villagers / military | 255 / 421 |
Focus
⚔️ 29.5% · 🌾 70.5%
Spearman ×198 · Iron Pagoda ×117 · War Wagon ×45 · Fire Lancer ×42 · Trade Cart ×37 · Skirmisher ×19
Match map
Initial resources + every placement click. Lines = walls · curves = elevation contours. ◆ gold · ⬟ stone · ● berries · ✦ relic · ◌ wall gap
Your base· ✓ Closed at 19:48 · 0t walls · no gate
NightmarE's base· ✓ Closed at 16:19 · 53t walls · 3 gate(s)
Monkey航's base· Open — opponent sealed themselves in
jir0's base· ✓ Closed at 15:07 · 0t walls · no gate
AK47's base· ✓ Closed at 20:17 · 0t walls · no gate
Bunny's base· ✓ Closed at 25:02 · 0t walls · no gate
Thieuten's base· Open — opponent sealed themselves in
doguss's base· ✓ Closed at 27:45 · 17t walls · no gate
Smoothed initial terrain · ◌ = detected wall gap · hover for details
Inputs per minute
— R0XY - - NightmarE
Build order — R0XY
First 150 of 344 actions detected
| 0:05 | Build | House |
| 0:07 | Build | House |
| 0:08 | Create | Villager (Male) ×4 |
| 0:09 | Create | Villager (Male) ×4 |
| 1:36 | Create | Villager (Male) |
| 1:36 | Create | Villager (Male) |
| 2:21 | Build | Lumber Camp |
| 2:23 | Create | Villager (Male) |
| 2:23 | Create | Villager (Male) |
| 2:56 | Create | Villager (Male) |
| 3:16 | Build | House |
| 3:29 | Create | Villager (Male) |
| 3:29 | Create | Villager (Male) |
| 3:29 | Create | Villager (Male) |
| 4:16 | Create | Villager (Male) |
| 4:17 | Create | Villager (Male) |
| 5:15 | Create | Villager (Male) |
| 5:16 | Create | Villager (Male) |
| 5:16 | Create | Villager (Male) |
| 5:30 | Build | Mill |
| 5:53 | Create | Villager (Male) |
| 5:53 | Create | Villager (Male) |
| 5:54 | Create | Villager (Male) |
| 6:40 | Create | Villager (Male) |
| 6:46 | Create | Villager (Male) |
| 6:47 | Create | Villager (Male) |
| 6:54 | Build | House |
| 7:15 | Create | Villager (Male) |
| 7:52 | Build | Mining Camp |
| 8:19 | Create | Villager (Male) |
| 8:35 | Create | Villager (Male) |
| 8:49 | Build | House |
| 9:41 | Create | Villager (Male) |
| 9:50 | Research | Feudal Age |
| 9:54 | Research | Loom |
| 11:21 | Build | House |
| 11:56 | Build | Farm |
| 11:57 | Build | Farm |
| 12:01 | Build | Farm |
| 12:03 | Build | Farm |
| 12:12 | Build | Lumber Camp |
| 12:20 | Age | Feudal Age |
| 12:21 | Build | Farm |
| 12:38 | Research | Horse Collar |
| 12:47 | Research | Double-Bit Axe |
| 12:48 | Create | Villager (Male) |
| 12:49 | Create | Villager (Male) |
| 12:49 | Create | Villager (Male) |
| 12:50 | Create | Villager (Male) |
| 12:54 | Build | Farm |
| 12:58 | Build | Farm |
| 13:37 | Create | Villager (Male) |
| 13:45 | Build | Farm |
| 13:46 | Build | Farm |
| 13:56 | Build | Farm |
| 14:04 | Research | Wheelbarrow |
| 14:15 | Build | Blacksmith |
| 14:24 | Build | Market |
| 14:58 | Create | Villager (Male) |
| 14:59 | Create | Villager (Male) |
| 15:12 | Build | House |
| 15:20 | Create | Villager (Male) |
| 16:09 | Create | Villager (Male) |
| 16:14 | Build | Farm |
| 16:15 | Build | Farm |
| 16:17 | Build | Farm |
| 16:30 | Build | Farm |
| 16:32 | Build | Farm |
| 17:08 | Research | Castle Age |
| 19:34 | Build | House |
| 19:38 | Build | House |
| 19:48 | Age | Castle Age |
| 19:55 | Build | Town Center |
| 19:58 | Create | Villager (Male) ×5 |
| 20:11 | Build | Town Center |
| 20:30 | Research | Bow Saw |
| 20:36 | Research | Heavy Plow |
| 21:11 | Create | Villager (Male) |
| 21:12 | Create | Villager (Male) |
| 21:18 | Research | Hand Cart |
| 21:22 | Create | Villager (Male) |
| 21:22 | Create | Villager (Male) |
| 21:23 | Create | Villager (Male) |
| 21:27 | Build | Farm |
| 21:29 | Build | Farm |
| 21:30 | Build | Farm |
| 21:33 | Build | Farm |
| 21:41 | Research | Stone Mining |
| 21:52 | Build | Farm |
| 21:53 | Create | Villager (Male) ×5 |
| 22:07 | Create | Villager (Male) ×5 |
| 22:46 | Create | Villager (Male) |
| 22:52 | Build | Farm |
| 23:10 | Create | Villager (Male) |
| 23:23 | Build | Town Center |
| 23:34 | Create | Villager (Male) |
| 23:54 | Create | Villager (Male) |
| 23:55 | Create | Villager (Male) |
| 23:56 | Create | Villager (Male) |
| 23:57 | Create | Villager (Male) |
| 24:07 | Build | House |
| 24:08 | Build | House |
| 24:10 | Build | House |
| 24:13 | Build | House |
| 24:23 | Create | Villager (Male) ×5 |
| 24:26 | Create | Villager (Male) |
| 24:46 | Build | Farm |
| 24:47 | Build | Farm |
| 24:49 | Build | Farm |
| 24:51 | Build | Farm |
| 24:53 | Build | Farm |
| 25:18 | Build | House |
| 25:19 | Build | House |
| 25:20 | Build | House |
| 25:25 | Create | Villager (Male) ×5 |
| 25:29 | Create | Villager (Male) ×5 |
| 25:44 | Build | Farm |
| 25:48 | Create | Villager (Male) |
| 26:03 | Build | Farm |
| 26:04 | Build | Farm |
| 26:17 | Create | Villager (Male) ×5 |
| 26:42 | Build | Mining Camp |
| 26:44 | Research | Stone Shaft Mining |
| 26:45 | Research | Gold Mining |
| 26:50 | Create | Villager (Male) |
| 26:53 | Build | House |
| 26:57 | Build | House |
| 26:59 | Build | House |
| 27:00 | Build | House |
| 27:15 | Create | Villager (Male) ×5 |
| 27:22 | Create | Villager (Male) ×5 |
| 27:28 | Build | Farm |
| 27:29 | Build | Farm |
| 27:31 | Build | Farm |
| 27:34 | Build | Farm |
| 27:36 | Build | Farm |
| 27:52 | Build | Lumber Camp |
| 28:07 | Build | Siege Workshop |
| 28:22 | Build | Castle |
| 28:27 | Create | Villager (Male) ×5 |
| 28:29 | Create | Villager (Male) ×5 |
| 28:35 | Build | House |
| 28:38 | Build | House |
| 28:39 | Build | House |
| 28:40 | Build | House |
| 29:20 | Create | Villager (Male) ×5 |
| 29:23 | Create | Villager (Male) ×5 |
| 29:55 | Build | House |
| 29:57 | Build | House |
| 29:59 | Build | House |
Build order — NightmarE
First 150 of 442 actions detected
| 0:02 | Create | Villager (Male) |
| 0:03 | Research | Loom |
| 0:03 | Create | Villager (Male) ×3 |
| 0:06 | Build | House |
| 0:08 | Build | House |
| 2:09 | Create | Villager (Male) |
| 2:09 | Create | Villager (Male) |
| 3:02 | Create | Villager (Male) |
| 3:03 | Create | Villager (Male) |
| 3:03 | Create | Villager (Male) |
| 3:11 | Build | Lumber Camp |
| 3:42 | Create | Villager (Male) |
| 3:43 | Create | Villager (Male) |
| 4:07 | Build | House |
| 4:17 | Create | Villager (Male) |
| 4:18 | Create | Villager (Male) |
| 4:18 | Create | Villager (Male) |
| 5:08 | Create | Villager (Male) |
| 5:08 | Create | Villager (Male) |
| 5:09 | Create | Villager (Male) |
| 5:09 | Create | Villager (Male) |
| 5:32 | Create | Villager (Male) |
| 5:40 | Build | Mill |
| 5:55 | Build | House |
| 6:03 | Build | House |
| 6:10 | Create | Villager (Male) |
| 6:30 | Build | Farm |
| 7:03 | Build | Farm |
| 7:05 | Create | Villager (Male) |
| 7:05 | Create | Villager (Male) |
| 7:06 | Create | Villager (Male) |
| 7:06 | Create | Villager (Male) |
| 7:07 | Create | Villager (Male) |
| 7:07 | Create | Villager (Male) |
| 7:41 | Build | Palisade Wall |
| 7:53 | Create | Villager (Male) |
| 7:54 | Create | Villager (Male) |
| 8:36 | Build | Farm |
| 8:50 | Build | Palisade Gate |
| 9:04 | Research | Feudal Age |
| 9:37 | Build | Mining Camp |
| 10:09 | Create | Villager (Male) |
| 10:09 | Create | Villager (Male) |
| 10:10 | Create | Villager (Male) |
| 10:28 | Build | House |
| 10:53 | Build | Farm |
| 11:28 | Age | Feudal Age |
| 11:33 | Build | Blacksmith |
| 11:48 | Create | Villager (Male) |
| 12:13 | Build | Market |
| 13:05 | Build | Stone Wall |
| 13:13 | Build | Gate |
| 13:15 | Build | Gate |
| 13:39 | Research | Castle Age |
| 13:45 | Build | House |
| 13:48 | Research | Double-Bit Axe |
| 14:02 | Research | Horse Collar |
| 14:02 | Research | Horse Collar |
| 14:23 | Create | Villager (Male) |
| 14:24 | Create | Villager (Male) |
| 14:24 | Create | Villager (Male) |
| 14:31 | Build | House |
| 14:35 | Build | House |
| 14:39 | Create | Villager (Male) |
| 14:39 | Create | Villager (Male) |
| 15:53 | Build | House |
| 15:58 | Research | Wheelbarrow |
| 16:19 | Age | Castle Age |
| 16:45 | Build | Mining Camp |
| 17:14 | Build | Town Center |
| 17:28 | Research | Heavy Plow |
| 17:28 | Research | Heavy Plow |
| 18:38 | Build | Town Center |
| 18:43 | Research | Bow Saw |
| 18:47 | Create | Villager (Male) |
| 18:47 | Create | Villager (Male) |
| 19:04 | Build | Farm |
| 19:12 | Build | Farm |
| 19:13 | Build | Farm |
| 19:15 | Build | Farm |
| 19:19 | Create | Villager (Male) |
| 19:33 | Build | Farm |
| 19:34 | Build | Farm |
| 19:36 | Build | Farm |
| 19:49 | Create | Villager (Male) |
| 20:01 | Build | Farm |
| 20:12 | Build | Farm |
| 20:13 | Build | Farm |
| 20:16 | Build | Farm |
| 20:18 | Create | Villager (Male) |
| 20:28 | Create | Villager (Male) |
| 20:47 | Create | Villager (Male) |
| 20:48 | Create | Villager (Male) |
| 20:54 | Build | Farm |
| 21:00 | Build | Farm |
| 21:01 | Build | Farm |
| 21:03 | Build | Farm |
| 21:06 | Build | Farm |
| 21:06 | Build | Farm |
| 21:11 | Create | Villager (Male) |
| 21:14 | Create | Villager (Male) |
| 21:21 | Create | Villager (Male) |
| 21:32 | Build | Farm |
| 21:32 | Build | Farm |
| 21:32 | Build | Farm |
| 21:35 | Build | Farm |
| 21:44 | Create | Villager (Male) |
| 21:47 | Create | Villager (Male) |
| 21:50 | Create | Villager (Male) |
| 22:03 | Build | Farm |
| 22:05 | Build | Farm |
| 22:08 | Build | Farm |
| 22:09 | Build | Farm |
| 22:12 | Build | Farm |
| 22:13 | Build | Farm |
| 22:17 | Create | Villager (Male) |
| 22:20 | Create | Villager (Male) |
| 22:22 | Create | Villager (Male) |
| 22:27 | Create | Villager (Male) |
| 22:29 | Create | Villager (Male) |
| 22:31 | Create | Villager (Male) |
| 22:42 | Build | House |
| 22:42 | Build | House |
| 22:44 | Build | House |
| 22:44 | Build | House |
| 22:45 | Build | House |
| 22:46 | Build | House |
| 22:48 | Build | House |
| 22:53 | Create | Villager (Male) |
| 22:56 | Create | Villager (Male) |
| 22:56 | Create | Villager (Male) |
| 22:56 | Create | Villager (Male) |
| 22:57 | Create | Villager (Male) |
| 23:03 | Create | Villager (Male) |
| 23:03 | Create | Villager (Male) |
| 23:16 | Create | Villager (Male) |
| 23:16 | Create | Villager (Male) |
| 23:17 | Create | Villager (Male) |
| 23:32 | Build | Town Center |
| 23:43 | Create | Villager (Male) |
| 23:48 | Create | Villager (Male) |
| 23:50 | Create | Villager (Male) |
| 23:52 | Create | Villager (Male) |
| 24:00 | Build | Farm |
| 24:02 | Build | Farm |
| 24:03 | Build | Farm |
| 24:05 | Build | Farm |
| 24:08 | Build | Farm |
| 24:14 | Build | Farm |
| 24:16 | Build | Farm |
Build order — Monkey航
First 150 of 589 actions detected
| 0:05 | Build | House |
| 0:06 | Build | House |
| 0:07 | Create | Villager (Male) |
| 0:07 | Create | Villager (Male) |
| 0:07 | Create | Villager (Male) |
| 0:10 | Create | Villager (Male) |
| 1:35 | Create | Villager (Male) |
| 1:53 | Create | Villager (Male) |
| 1:53 | Create | Villager (Male) |
| 2:12 | Build | Lumber Camp |
| 2:37 | Create | Villager (Male) |
| 2:37 | Create | Villager (Male) |
| 2:37 | Create | Villager (Male) |
| 2:38 | Create | Villager (Male) |
| 2:54 | Create | Villager (Male) |
| 2:54 | Create | Villager (Male) |
| 2:55 | Create | Villager (Male) |
| 2:55 | Create | Villager (Male) |
| 3:29 | Create | Villager (Male) |
| 3:37 | Build | House |
| 4:07 | Create | Villager (Male) |
| 4:32 | Create | Villager (Male) |
| 5:02 | Build | Mill |
| 5:04 | Create | Villager (Male) |
| 5:18 | Build | House |
| 5:23 | Create | Villager (Male) |
| 5:48 | Create | Villager (Male) |
| 6:05 | Build | House |
| 6:14 | Create | Villager (Male) |
| 6:38 | Create | Villager (Male) |
| 7:06 | Create | Villager (Male) |
| 7:35 | Create | Villager (Male) |
| 7:53 | Create | Villager (Male) |
| 8:17 | Build | Mining Camp |
| 8:19 | Create | Villager (Male) |
| 8:43 | Create | Villager (Male) |
| 8:49 | Research | Feudal Age |
| 8:54 | Research | Loom |
| 9:18 | Build | Mining Camp |
| 10:00 | Create | Villager (Male) |
| 11:28 | Age | Feudal Age |
| 11:29 | Build | Market |
| 11:34 | Build | Blacksmith |
| 11:50 | Build | House |
| 12:17 | Research | Castle Age |
| 12:17 | Research | Castle Age |
| 12:18 | Research | Castle Age |
| 12:38 | Build | House |
| 12:45 | Research | Double-Bit Axe |
| 12:45 | Research | Double-Bit Axe |
| 12:54 | Build | Farm |
| 12:57 | Build | Farm |
| 13:00 | Build | Farm |
| 13:15 | Build | Farm |
| 13:22 | Create | Villager (Male) |
| 13:35 | Build | Palisade Wall |
| 13:45 | Build | House |
| 13:46 | Build | House |
| 13:48 | Build | House |
| 13:50 | Build | House |
| 14:02 | Build | Palisade Wall |
| 14:06 | Build | Palisade Wall |
| 14:10 | Build | House |
| 14:11 | Build | House |
| 14:13 | Build | House |
| 14:14 | Build | House |
| 14:18 | Build | Stone Wall |
| 14:24 | Build | Stone Wall |
| 14:28 | Create | Villager (Male) |
| 14:31 | Research | Horse Collar |
| 14:32 | Research | Horse Collar |
| 14:57 | Age | Castle Age |
| 15:25 | Build | Castle |
| 15:30 | Create | Villager (Male) |
| 15:42 | Research | Bow Saw |
| 15:52 | Build | Farm |
| 15:55 | Build | Farm |
| 15:55 | Build | Farm |
| 16:29 | Build | Town Center |
| 16:34 | Build | Farm |
| 16:35 | Create | Villager (Male) |
| 16:36 | Create | Villager (Male) |
| 16:36 | Create | Villager (Male) |
| 16:55 | Create | Organ Gun |
| 17:07 | Build | Farm |
| 17:14 | Create | Villager (Male) |
| 17:14 | Create | Villager (Male) |
| 17:29 | Create | Organ Gun |
| 17:29 | Create | Organ Gun |
| 17:29 | Create | Organ Gun |
| 17:49 | Create | Villager (Male) |
| 18:16 | Create | Villager (Male) |
| 18:17 | Create | Villager (Male) |
| 18:51 | Build | Farm |
| 18:54 | Build | Farm |
| 18:55 | Build | Farm |
| 18:57 | Build | Farm |
| 18:58 | Create | Villager (Male) |
| 18:59 | Create | Villager (Male) |
| 18:59 | Create | Villager (Male) |
| 19:05 | Create | Organ Gun |
| 19:10 | Create | Villager (Male) |
| 19:10 | Create | Villager (Male) |
| 19:17 | Build | Farm |
| 19:18 | Build | Farm |
| 19:19 | Build | Farm |
| 19:25 | Create | Organ Gun |
| 19:25 | Create | Organ Gun |
| 19:30 | Create | Villager (Male) |
| 19:30 | Create | Villager (Male) |
| 19:30 | Create | Villager (Male) |
| 19:43 | Build | Monastery |
| 19:45 | Create | Villager (Male) |
| 19:45 | Create | Villager (Male) |
| 19:46 | Create | Villager (Male) |
| 19:53 | Build | Farm |
| 20:04 | Build | Stone Wall |
| 20:07 | Build | Gate |
| 20:08 | Build | Gate |
| 20:11 | Create | Organ Gun |
| 20:13 | Create | Villager (Male) |
| 20:13 | Create | Villager (Male) |
| 20:13 | Create | Villager (Male) |
| 20:13 | Create | Villager (Male) |
| 20:13 | Create | Villager (Male) |
| 20:27 | Create | Villager (Male) |
| 20:27 | Create | Villager (Male) |
| 20:34 | Create | Organ Gun |
| 20:34 | Create | Organ Gun |
| 20:54 | Build | House |
| 21:01 | Create | Villager (Male) |
| 21:01 | Create | Villager (Male) |
| 21:09 | Create | Villager (Male) |
| 21:10 | Create | Villager (Male) |
| 21:10 | Create | Villager (Male) |
| 21:17 | Build | Farm |
| 21:18 | Build | Farm |
| 21:20 | Build | Farm |
| 21:21 | Create | Villager (Male) |
| 21:21 | Create | Villager (Male) |
| 21:21 | Create | Villager (Male) |
| 21:30 | Create | Monk |
| 21:46 | Create | Villager (Male) |
| 21:46 | Create | Villager (Male) |
| 21:46 | Create | Villager (Male) |
| 21:52 | Build | Farm |
| 21:55 | Build | Farm |
| 21:58 | Build | Lumber Camp |
| 22:04 | Build | House |
| 22:10 | Create | Villager (Male) |
Build order — jir0
First 150 of 648 actions detected
| 0:02 | Create | Villager (Male) |
| 0:02 | Create | Villager (Male) |
| 0:02 | Create | Villager (Male) |
| 0:02 | Create | Villager (Male) |
| 0:02 | Create | Villager (Male) |
| 0:02 | Create | Villager (Male) |
| 0:06 | Build | House |
| 0:08 | Build | House |
| 1:34 | Create | Villager (Male) |
| 1:34 | Create | Villager (Male) |
| 1:34 | Create | Villager (Male) |
| 1:34 | Create | Villager (Male) |
| 1:34 | Create | Villager (Male) |
| 1:34 | Create | Villager (Male) |
| 2:11 | Create | Villager (Male) |
| 2:11 | Create | Villager (Male) |
| 2:11 | Create | Villager (Male) |
| 2:11 | Create | Villager (Male) |
| 2:11 | Create | Villager (Male) |
| 2:27 | Create | Villager (Male) |
| 2:27 | Create | Villager (Male) |
| 2:27 | Create | Villager (Male) |
| 2:27 | Create | Villager (Male) |
| 2:27 | Create | Villager (Male) |
| 2:27 | Create | Villager (Male) |
| 2:27 | Create | Villager (Male) |
| 2:49 | Create | Villager (Male) |
| 2:49 | Create | Villager (Male) |
| 2:50 | Create | Villager (Male) |
| 2:50 | Create | Villager (Male) |
| 2:50 | Create | Villager (Male) |
| 2:50 | Create | Villager (Male) |
| 3:19 | Create | Villager (Male) |
| 3:20 | Create | Villager (Male) |
| 3:20 | Create | Villager (Male) |
| 3:25 | Build | House |
| 3:29 | Build | Lumber Camp |
| 4:27 | Create | Villager (Male) |
| 4:27 | Create | Villager (Male) |
| 4:27 | Create | Villager (Male) |
| 4:27 | Create | Villager (Male) |
| 4:58 | Create | Villager (Male) |
| 4:58 | Create | Villager (Male) |
| 4:58 | Create | Villager (Male) |
| 4:58 | Create | Villager (Male) |
| 4:58 | Create | Villager (Male) |
| 4:59 | Create | Villager (Male) |
| 5:23 | Create | Villager (Male) |
| 5:23 | Create | Villager (Male) |
| 5:23 | Create | Villager (Male) |
| 5:23 | Create | Villager (Male) |
| 5:23 | Create | Villager (Male) |
| 6:06 | Build | House |
| 6:07 | Create | Villager (Male) |
| 6:07 | Create | Villager (Male) |
| 6:08 | Create | Villager (Male) |
| 6:08 | Create | Villager (Male) |
| 6:08 | Create | Villager (Male) |
| 6:43 | Create | Villager (Male) |
| 6:43 | Create | Villager (Male) |
| 6:43 | Create | Villager (Male) |
| 6:57 | Create | Villager (Male) |
| 6:57 | Create | Villager (Male) |
| 6:57 | Create | Villager (Male) |
| 6:57 | Create | Villager (Male) |
| 6:57 | Create | Villager (Male) |
| 6:57 | Create | Villager (Male) |
| 7:11 | Build | House |
| 7:21 | Build | Mill |
| 7:23 | Create | Villager (Male) |
| 7:23 | Create | Villager (Male) |
| 7:23 | Create | Villager (Male) |
| 7:23 | Create | Villager (Male) |
| 7:23 | Create | Villager (Male) |
| 7:23 | Create | Villager (Male) |
| 8:45 | Research | Feudal Age |
| 9:31 | Create | Villager (Male) |
| 9:31 | Create | Villager (Male) |
| 10:27 | Build | Lumber Camp |
| 11:12 | Age | Feudal Age |
| 11:15 | Build | Blacksmith |
| 11:20 | Build | Market |
| 11:30 | Build | Farm |
| 11:32 | Build | Farm |
| 11:43 | Build | Farm |
| 11:52 | Create | Villager (Male) |
| 11:52 | Create | Villager (Male) |
| 11:52 | Create | Villager (Male) |
| 11:52 | Create | Villager (Male) |
| 11:52 | Create | Villager (Male) |
| 11:52 | Create | Villager (Male) |
| 11:52 | Create | Villager (Male) |
| 12:02 | Build | Farm |
| 12:09 | Research | Castle Age |
| 12:20 | Research | Double-Bit Axe |
| 12:35 | Build | Farm |
| 13:01 | Create | Villager (Male) |
| 13:01 | Create | Villager (Male) |
| 13:01 | Create | Villager (Male) |
| 13:01 | Create | Villager (Male) |
| 13:01 | Create | Villager (Male) |
| 13:34 | Build | House |
| 13:35 | Build | House |
| 13:36 | Create | Villager (Male) |
| 13:36 | Create | Villager (Male) |
| 13:36 | Create | Villager (Male) |
| 13:36 | Create | Villager (Male) |
| 13:36 | Create | Villager (Male) |
| 13:36 | Create | Villager (Male) |
| 13:58 | Build | House |
| 14:04 | Create | Villager (Male) |
| 14:09 | Research | Wheelbarrow |
| 14:17 | Build | Farm |
| 14:18 | Build | Farm |
| 14:20 | Research | Horse Collar |
| 14:40 | Build | House |
| 14:42 | Build | House |
| 15:07 | Age | Castle Age |
| 15:17 | Build | Town Center |
| 15:18 | Create | Villager (Male) |
| 15:18 | Create | Villager (Male) |
| 15:41 | Build | Town Center |
| 15:43 | Create | Villager (Male) |
| 15:43 | Create | Villager (Male) |
| 16:02 | Build | Farm |
| 16:16 | Build | Farm |
| 16:18 | Build | Farm |
| 16:32 | Create | Villager (Male) |
| 16:32 | Create | Villager (Male) |
| 16:32 | Create | Villager (Male) |
| 16:38 | Build | House |
| 16:49 | Build | Farm |
| 16:50 | Create | Villager (Male) |
| 16:50 | Create | Villager (Male) |
| 17:00 | Create | Villager (Male) |
| 17:00 | Create | Villager (Male) |
| 17:05 | Build | Farm |
| 17:07 | Create | Villager (Male) |
| 17:07 | Create | Villager (Male) |
| 17:07 | Create | Villager (Male) |
| 17:07 | Create | Villager (Male) |
| 17:07 | Create | Villager (Male) |
| 17:18 | Build | House |
| 17:30 | Build | Farm |
| 17:47 | Create | Villager (Male) |
| 17:47 | Create | Villager (Male) |
| 17:47 | Create | Villager (Male) |
| 17:47 | Create | Villager (Male) |
| 17:47 | Create | Villager (Male) |
| 17:51 | Build | Farm |
Build order — AK47
First 150 of 506 actions detected
| 0:01 | Create | Villager (Male) |
| 0:03 | Build | House |
| 0:05 | Build | House |
| 0:14 | Create | Villager (Male) |
| 0:14 | Create | Villager (Male) |
| 0:14 | Create | Villager (Male) |
| 1:26 | Create | Villager (Male) |
| 2:18 | Build | Lumber Camp |
| 2:25 | Create | Villager (Male) |
| 2:50 | Create | Villager (Male) |
| 2:50 | Create | Villager (Male) |
| 2:50 | Create | Villager (Male) |
| 3:06 | Create | Villager (Male) |
| 3:33 | Create | Villager (Male) |
| 3:47 | Build | House |
| 4:59 | Create | Villager (Male) |
| 4:59 | Create | Villager (Male) |
| 5:00 | Create | Villager (Male) |
| 5:00 | Create | Villager (Male) |
| 5:03 | Build | Mill |
| 6:00 | Create | Villager (Male) |
| 6:01 | Create | Villager (Male) |
| 6:01 | Create | Villager (Male) |
| 6:14 | Create | Villager (Male) |
| 6:14 | Create | Villager (Male) |
| 6:15 | Create | Villager (Male) |
| 7:09 | Build | House |
| 7:23 | Research | Feudal Age |
| 7:23 | Research | Feudal Age |
| 8:26 | Build | Barracks |
| 8:48 | Create | Villager (Male) |
| 8:48 | Create | Villager (Male) |
| 9:16 | Build | House |
| 9:33 | Age | Feudal Age |
| 9:41 | Build | Stable |
| 9:47 | Create | Villager (Male) |
| 9:49 | Build | Farm |
| 10:13 | Research | Double-Bit Axe |
| 10:15 | Create | Villager (Male) |
| 10:21 | Create | Scout Cavalry |
| 10:21 | Create | Scout Cavalry |
| 10:21 | Create | Scout Cavalry |
| 10:42 | Create | Villager (Male) |
| 10:45 | Build | Farm |
| 10:47 | Build | Farm |
| 11:11 | Build | House |
| 11:16 | Research | Horse Collar |
| 11:32 | Create | Scout Cavalry |
| 11:35 | Create | Villager (Male) |
| 11:41 | Build | Farm |
| 11:56 | Research | Bloodlines |
| 11:58 | Create | Villager (Male) |
| 12:08 | Create | Villager (Male) |
| 12:20 | Build | Mining Camp |
| 12:24 | Create | Villager (Male) |
| 12:40 | Build | Farm |
| 12:50 | Create | Villager (Male) |
| 13:27 | Create | Villager (Male) |
| 13:31 | Build | Farm |
| 13:33 | Build | Farm |
| 13:38 | Build | House |
| 13:40 | Build | House |
| 13:50 | Create | Villager (Male) |
| 14:02 | Build | Blacksmith |
| 14:09 | Build | Farm |
| 14:33 | Create | Villager (Male) |
| 14:33 | Create | Villager (Male) |
| 15:11 | Create | Villager (Male) |
| 15:14 | Build | Farm |
| 15:17 | Build | Farm |
| 15:18 | Build | Farm |
| 15:21 | Build | Farm |
| 15:25 | Build | House |
| 15:45 | Create | Villager (Male) |
| 15:59 | Build | Market |
| 16:08 | Create | Villager (Male) |
| 16:45 | Build | Mining Camp |
| 16:49 | Build | Farm |
| 16:51 | Build | House |
| 16:55 | Build | Farm |
| 17:05 | Create | Villager (Male) |
| 17:37 | Research | Castle Age |
| 17:46 | Build | House |
| 18:40 | Create | Villager (Male) |
| 18:40 | Create | Villager (Male) |
| 19:28 | Build | House |
| 20:17 | Age | Castle Age |
| 20:19 | Create | Villager (Male) |
| 20:27 | Build | Town Center |
| 20:42 | Build | Town Center |
| 20:52 | Build | Town Center |
| 21:00 | Build | Town Center |
| 21:06 | Research | Bow Saw |
| 21:11 | Build | Lumber Camp |
| 21:20 | Create | Villager (Male) |
| 21:21 | Create | Villager (Male) |
| 22:03 | Create | Villager (Male) |
| 22:04 | Create | Villager (Male) |
| 22:04 | Create | Villager (Male) |
| 22:04 | Create | Villager (Male) |
| 22:05 | Create | Villager (Male) |
| 22:13 | Create | Villager (Male) |
| 22:14 | Create | Villager (Male) |
| 22:15 | Create | Villager (Male) |
| 22:15 | Create | Villager (Male) |
| 22:17 | Create | Villager (Male) |
| 22:38 | Create | Villager (Male) |
| 22:38 | Create | Villager (Male) |
| 22:43 | Build | Farm |
| 22:45 | Build | Farm |
| 22:55 | Build | Lumber Camp |
| 23:00 | Create | Villager (Male) |
| 23:00 | Create | Villager (Male) |
| 23:03 | Build | Farm |
| 23:04 | Build | Farm |
| 23:09 | Create | Villager (Male) |
| 23:09 | Create | Villager (Male) |
| 23:20 | Build | Town Center |
| 23:24 | Create | Villager (Male) |
| 23:25 | Create | Villager (Male) |
| 23:25 | Create | Villager (Male) |
| 23:25 | Create | Villager (Male) |
| 23:29 | Build | Farm |
| 23:30 | Build | Farm |
| 23:36 | Build | Farm |
| 23:37 | Build | Farm |
| 23:39 | Build | Farm |
| 23:42 | Create | Villager (Male) |
| 23:42 | Create | Villager (Male) |
| 23:43 | Create | Villager (Male) |
| 23:43 | Create | Villager (Male) |
| 23:48 | Build | Farm |
| 23:49 | Build | Farm |
| 23:51 | Build | Farm |
| 23:52 | Build | Farm |
| 23:55 | Build | Farm |
| 24:03 | Create | Villager (Male) |
| 24:03 | Create | Villager (Male) |
| 24:03 | Create | Villager (Male) |
| 24:03 | Create | Villager (Male) |
| 24:04 | Create | Villager (Male) |
| 24:16 | Build | House |
| 24:17 | Build | House |
| 24:19 | Build | House |
| 24:20 | Build | House |
| 24:22 | Build | House |
| 24:24 | Build | House |
| 24:26 | Create | Villager (Male) |
| 24:26 | Create | Villager (Male) |
| 24:27 | Create | Villager (Male) |
Build order — Bunny
First 150 of 510 actions detected
| 0:16 | Create | Villager (Male) |
| 0:33 | Build | House |
| 0:38 | Research | Loom |
| 0:39 | Create | Villager (Male) |
| 0:39 | Create | Villager (Male) |
| 0:40 | Create | Villager (Male) |
| 1:08 | Build | House |
| 1:09 | Build | House |
| 1:10 | Build | House |
| 1:52 | Build | Lumber Camp |
| 2:04 | Create | Villager (Male) |
| 3:04 | Create | Villager (Male) |
| 3:04 | Create | Villager (Male) |
| 4:09 | Create | Villager (Male) |
| 4:09 | Create | Villager (Male) |
| 4:32 | Create | Villager (Male) |
| 4:33 | Create | Villager (Male) |
| 4:33 | Create | Villager (Male) |
| 4:52 | Create | Villager (Male) |
| 5:19 | Create | Villager (Male) |
| 5:20 | Create | Villager (Male) |
| 5:22 | Create | Villager (Male) |
| 5:36 | Create | Villager (Male) |
| 7:11 | Create | Villager (Male) |
| 7:12 | Create | Villager (Male) |
| 7:24 | Build | House |
| 7:26 | Build | House |
| 7:27 | Build | House |
| 8:34 | Create | Villager (Male) |
| 9:04 | Create | Villager (Male) |
| 9:36 | Create | Villager (Male) |
| 10:03 | Build | Mill |
| 10:18 | Create | Villager (Male) |
| 10:35 | Research | Feudal Age |
| 10:59 | Create | Villager (Male) |
| 10:59 | Create | Villager (Male) |
| 11:00 | Create | Villager (Male) |
| 11:07 | Build | House |
| 11:09 | Build | House |
| 11:24 | Build | Farm |
| 11:28 | Build | Farm |
| 11:29 | Build | Farm |
| 11:32 | Build | Farm |
| 11:39 | Build | Farm |
| 11:46 | Build | Farm |
| 12:53 | Age | Feudal Age |
| 12:57 | Research | Double-Bit Axe |
| 13:43 | Build | Mining Camp |
| 13:54 | Build | Barracks |
| 13:59 | Create | Villager (Male) |
| 14:07 | Research | Horse Collar |
| 14:15 | Create | Villager (Male) |
| 14:24 | Create | Spearman |
| 15:13 | Create | Villager (Male) |
| 15:15 | Create | Villager (Male) |
| 15:21 | Create | Militia |
| 15:24 | Create | Spearman |
| 15:46 | Create | Spearman |
| 16:03 | Create | Spearman |
| 16:03 | Create | Spearman |
| 16:06 | Create | Villager (Male) |
| 16:08 | Create | Villager (Male) |
| 16:55 | Build | Farm |
| 17:00 | Build | Farm |
| 17:01 | Create | Villager (Male) |
| 17:30 | Create | Villager (Male) |
| 17:33 | Research | Wheelbarrow |
| 17:42 | Create | Spearman |
| 17:55 | Build | Blacksmith |
| 18:01 | Build | Farm |
| 18:05 | Build | Farm |
| 18:06 | Build | Farm |
| 18:08 | Build | Farm |
| 18:10 | Build | Farm |
| 18:11 | Build | Farm |
| 18:12 | Build | Farm |
| 18:15 | Build | Farm |
| 18:33 | Create | Villager (Male) |
| 18:59 | Create | Villager (Male) |
| 19:01 | Create | Villager (Male) |
| 19:07 | Create | Villager (Male) |
| 19:24 | Create | Spearman |
| 19:47 | Build | Mining Camp |
| 20:04 | Build | Market |
| 21:10 | Create | Villager (Male) |
| 21:19 | Create | Villager (Male) |
| 21:33 | Build | House |
| 21:34 | Build | House |
| 22:23 | Research | Castle Age |
| 22:29 | Build | House |
| 22:30 | Build | House |
| 22:56 | Create | Trade Cart |
| 23:21 | Create | Villager (Male) |
| 23:22 | Create | Villager (Male) |
| 23:24 | Create | Villager (Male) |
| 23:24 | Create | Villager (Male) |
| 23:25 | Create | Villager (Male) |
| 23:29 | Create | Villager (Male) |
| 23:35 | Research | Stone Mining |
| 23:38 | Research | Gold Mining |
| 23:42 | Create | Trade Cart |
| 23:44 | Create | Trade Cart |
| 23:48 | Build | House |
| 23:50 | Build | House |
| 24:00 | Build | House |
| 24:02 | Build | House |
| 24:51 | Build | House |
| 24:52 | Build | House |
| 24:53 | Build | House |
| 24:58 | Create | Trade Cart |
| 25:02 | Age | Castle Age |
| 25:15 | Build | Town Center |
| 25:30 | Research | Bow Saw |
| 26:10 | Research | Squires |
| 26:16 | Research | Scale Mail Armor |
| 26:37 | Build | Town Center |
| 26:43 | Create | Villager (Male) |
| 26:43 | Create | Villager (Male) |
| 26:44 | Create | Villager (Male) |
| 26:45 | Create | Villager (Male) |
| 26:47 | Create | Villager (Male) |
| 27:27 | Build | House |
| 27:29 | Build | House |
| 27:33 | Build | House |
| 27:35 | Build | House |
| 27:37 | Create | Trade Cart |
| 27:41 | Research | Caravan |
| 27:44 | Create | Villager (Male) |
| 27:45 | Create | Villager (Male) |
| 27:46 | Create | Villager (Male) |
| 27:50 | Create | Villager (Male) |
| 27:50 | Create | Villager (Male) |
| 27:53 | Create | Villager (Male) |
| 27:54 | Create | Villager (Male) |
| 28:14 | Build | Town Center |
| 28:20 | Research | Heavy Plow |
| 28:24 | Create | Villager (Male) |
| 28:24 | Create | Villager (Male) |
| 28:24 | Create | Villager (Male) |
| 28:25 | Create | Villager (Male) |
| 28:26 | Create | Villager (Male) |
| 28:34 | Build | House |
| 28:35 | Build | House |
| 29:23 | Create | Villager (Male) |
| 29:24 | Create | Villager (Male) |
| 29:25 | Create | Villager (Male) |
| 29:26 | Create | Villager (Male) |
| 29:29 | Create | Villager (Male) |
| 29:30 | Create | Villager (Male) |
| 29:43 | Build | Town Center |
Build order — Thieuten
First 150 of 627 actions detected
| 0:02 | Create | Villager (Male) |
| 0:02 | Create | Villager (Male) |
| 0:05 | Build | House |
| 0:07 | Build | House |
| 0:25 | Create | Villager (Male) |
| 0:50 | Create | Villager (Male) |
| 0:50 | Create | Villager (Male) |
| 1:25 | Create | Villager (Male) |
| 2:03 | Create | Villager (Male) |
| 2:03 | Create | Villager (Male) |
| 2:11 | Build | Lumber Camp |
| 2:18 | Create | Villager (Male) |
| 2:18 | Create | Villager (Male) |
| 2:45 | Create | Villager (Male) |
| 2:46 | Create | Villager (Male) |
| 3:22 | Create | Villager (Male) |
| 3:23 | Create | Villager (Male) |
| 3:30 | Build | House |
| 3:46 | Create | Villager (Male) |
| 3:46 | Create | Villager (Male) |
| 4:02 | Create | Villager (Male) |
| 4:03 | Create | Villager (Male) |
| 4:22 | Build | Mill |
| 4:52 | Create | Villager (Male) |
| 4:52 | Create | Villager (Male) |
| 5:28 | Create | Villager (Male) |
| 5:29 | Create | Villager (Male) |
| 5:44 | Build | House |
| 5:54 | Create | Villager (Male) |
| 5:55 | Create | Villager (Male) |
| 6:48 | Create | Villager (Male) |
| 6:59 | Create | Villager (Male) |
| 7:29 | Create | Villager (Male) |
| 7:36 | Build | House |
| 7:43 | Create | Villager (Male) |
| 8:10 | Create | Villager (Male) |
| 8:31 | Create | Villager (Male) |
| 8:55 | Build | Mining Camp |
| 9:06 | Research | Feudal Age |
| 9:54 | Create | Villager (Male) |
| 9:54 | Create | Villager (Male) |
| 10:29 | Build | Barracks |
| 11:48 | Age | Feudal Age |
| 11:50 | Build | Blacksmith |
| 11:52 | Build | Stable |
| 12:11 | Build | House |
| 12:34 | Research | Castle Age |
| 13:22 | Create | Villager (Male) |
| 13:27 | Build | House |
| 13:32 | Build | Palisade Wall |
| 13:42 | Build | House |
| 13:52 | Build | House |
| 13:57 | Build | House |
| 14:01 | Create | Spearman |
| 14:01 | Create | Spearman |
| 14:03 | Create | Villager (Male) |
| 14:14 | Build | Farm |
| 14:15 | Build | Farm |
| 14:32 | Build | House |
| 14:45 | Build | Palisade Wall |
| 15:12 | Build | Lumber Camp |
| 15:16 | Build | Farm |
| 15:17 | Build | Farm |
| 15:18 | Age | Castle Age |
| 15:23 | Build | Farm |
| 15:24 | Build | Farm |
| 15:27 | Create | Villager (Male) |
| 15:36 | Build | Town Center |
| 15:49 | Build | House |
| 15:51 | Build | House |
| 16:07 | Create | Villager (Male) |
| 16:07 | Create | Villager (Male) |
| 16:10 | Build | Farm |
| 16:10 | Build | Farm |
| 16:10 | Build | Farm |
| 16:11 | Build | Farm |
| 16:32 | Create | Villager (Male) |
| 16:42 | Build | House |
| 16:50 | Build | Farm |
| 17:10 | Build | Farm |
| 17:32 | Build | Farm |
| 17:33 | Build | Farm |
| 17:33 | Build | Farm |
| 17:33 | Build | Farm |
| 17:36 | Research | Horse Collar |
| 17:37 | Create | Villager (Male) |
| 17:38 | Create | Villager (Male) |
| 17:39 | Create | Villager (Male) |
| 17:53 | Build | House |
| 17:54 | Build | House |
| 17:55 | Build | House |
| 18:12 | Create | Villager (Male) |
| 18:29 | Create | Villager (Male) |
| 18:29 | Create | Villager (Male) |
| 18:30 | Create | Villager (Male) |
| 18:48 | Create | Villager (Male) |
| 18:58 | Build | Farm |
| 19:03 | Build | Farm |
| 19:07 | Build | Farm |
| 19:10 | Create | Villager (Male) |
| 19:25 | Build | Town Center |
| 19:27 | Create | Villager (Male) |
| 19:27 | Create | Villager (Male) |
| 19:28 | Create | Villager (Male) |
| 19:46 | Create | Villager (Male) |
| 19:46 | Create | Villager (Male) |
| 19:55 | Create | Villager (Male) |
| 20:20 | Create | Villager (Male) |
| 20:21 | Create | Villager (Male) |
| 20:39 | Create | Villager (Male) |
| 20:40 | Research | Wheelbarrow |
| 20:54 | Build | Mining Camp |
| 21:04 | Research | Stone Mining |
| 21:07 | Create | Villager (Male) |
| 21:07 | Create | Villager (Male) |
| 21:14 | Build | Farm |
| 21:14 | Build | Farm |
| 21:14 | Build | Farm |
| 21:14 | Build | Farm |
| 21:14 | Build | Farm |
| 21:25 | Create | Villager (Male) |
| 21:25 | Create | Villager (Male) |
| 21:33 | Build | Farm |
| 21:46 | Create | Villager (Male) |
| 21:46 | Create | Villager (Male) |
| 21:59 | Research | Double-Bit Axe |
| 22:04 | Build | Farm |
| 22:19 | Create | Villager (Male) |
| 22:19 | Create | Villager (Male) |
| 22:20 | Create | Villager (Male) |
| 22:21 | Create | Villager (Male) |
| 22:47 | Create | Villager (Male) ×3 |
| 23:08 | Build | Farm |
| 23:09 | Create | Villager (Male) |
| 23:20 | Create | Villager (Male) |
| 23:22 | Create | Villager (Male) |
| 23:23 | Create | Villager (Male) |
| 23:30 | Build | House |
| 23:31 | Build | House |
| 23:33 | Build | House |
| 23:38 | Build | Town Center |
| 23:42 | Research | Bow Saw |
| 23:44 | Create | Villager (Male) |
| 23:45 | Create | Villager (Male) |
| 23:58 | Build | Lumber Camp |
| 24:02 | Research | Loom |
| 24:11 | Create | Villager (Male) ×5 |
| 24:20 | Create | Villager (Male) |
| 24:20 | Create | Villager (Male) |
| 24:25 | Build | Farm |
Build order — doguss
First 150 of 360 actions detected
| 0:05 | Create | Villager (Male) ×4 |
| 0:06 | Create | Villager (Male) ×4 |
| 0:16 | Build | House |
| 0:17 | Build | House |
| 0:53 | Build | House |
| 2:47 | Create | Villager (Male) |
| 2:47 | Create | Villager (Male) |
| 3:33 | Create | Villager (Male) |
| 3:33 | Create | Villager (Male) |
| 3:33 | Create | Villager (Male) |
| 3:33 | Create | Villager (Male) |
| 4:51 | Create | Villager (Male) |
| 4:51 | Create | Villager (Male) |
| 4:52 | Create | Villager (Male) |
| 5:08 | Create | Villager (Male) ×2 |
| 5:09 | Create | Villager (Male) ×2 |
| 5:47 | Create | Villager (Male) ×2 |
| 5:47 | Create | Villager (Male) ×2 |
| 5:47 | Create | Villager (Male) ×2 |
| 6:40 | Build | House |
| 6:41 | Build | House |
| 6:42 | Build | House |
| 6:56 | Create | Villager (Male) ×5 |
| 6:56 | Create | Villager (Male) ×5 |
| 7:22 | Create | Villager (Male) |
| 7:22 | Create | Villager (Male) |
| 8:16 | Build | Lumber Camp |
| 9:32 | Build | Mill |
| 9:55 | Research | Feudal Age |
| 10:38 | Create | Villager (Male) ×2 |
| 10:38 | Create | Villager (Male) ×2 |
| 11:47 | Build | Barracks |
| 12:19 | Age | Feudal Age |
| 13:22 | Create | Villager (Male) ×5 |
| 13:22 | Research | Wheelbarrow |
| 13:24 | Create | Villager (Male) ×5 |
| 13:37 | Create | Spearman |
| 14:25 | Create | Spearman ×4 |
| 14:25 | Create | Spearman ×4 |
| 14:55 | Build | Watch Tower |
| 15:17 | Build | Palisade Wall |
| 15:28 | Build | Palisade Wall |
| 16:44 | Build | House |
| 16:45 | Build | House |
| 16:47 | Build | House |
| 16:49 | Build | House |
| 16:58 | Create | Villager (Male) ×5 |
| 16:58 | Create | Villager (Male) ×5 |
| 17:28 | Build | Mining Camp |
| 18:02 | Build | Farm |
| 18:03 | Build | Farm |
| 18:04 | Build | Farm |
| 18:06 | Build | Farm |
| 18:07 | Build | Farm |
| 18:18 | Build | Farm |
| 18:21 | Build | Farm |
| 18:23 | Build | Farm |
| 19:06 | Build | Farm |
| 19:32 | Build | Farm |
| 19:41 | Create | Villager (Male) ×2 |
| 19:57 | Build | Farm |
| 20:19 | Build | Farm |
| 20:36 | Build | Farm |
| 20:44 | Build | Farm |
| 21:19 | Build | Farm |
| 21:32 | Build | Market |
| 21:58 | Build | Farm |
| 21:59 | Build | Farm |
| 22:21 | Create | Villager (Male) ×5 |
| 22:21 | Create | Villager (Male) ×5 |
| 22:36 | Create | Villager (Male) |
| 22:36 | Create | Villager (Male) |
| 22:46 | Build | Farm |
| 23:06 | Create | Trade Cart ×5 |
| 23:14 | Build | Farm |
| 23:25 | Build | House |
| 23:26 | Build | House |
| 23:28 | Build | House |
| 23:29 | Build | House |
| 23:50 | Build | Farm |
| 24:15 | Create | Villager (Male) |
| 24:15 | Create | Villager (Male) |
| 24:23 | Build | Blacksmith |
| 24:50 | Research | Castle Age |
| 24:56 | Create | Spearman ×5 |
| 25:03 | Create | Trade Cart ×2 |
| 25:21 | Build | Archery Range |
| 26:02 | Create | Trade Cart ×2 |
| 26:20 | Research | Horse Collar |
| 26:25 | Research | Double-Bit Axe |
| 26:31 | Research | Gold Mining |
| 26:49 | Build | Farm |
| 26:49 | Build | Farm |
| 27:26 | Build | Farm |
| 27:42 | Build | Farm |
| 27:45 | Build | Farm |
| 27:45 | Age | Castle Age |
| 27:53 | Create | Villager (Male) ×5 |
| 27:53 | Create | Villager (Male) ×5 |
| 27:53 | Create | Villager (Male) ×5 |
| 27:54 | Create | Villager (Male) ×5 |
| 27:59 | Build | Farm |
| 28:24 | Research | Pikeman (upgrade) |
| 28:37 | Create | Villager (Male) |
| 29:14 | Build | Town Center |
| 29:19 | Build | Farm |
| 29:22 | Create | Villager (Male) ×2 |
| 29:22 | Create | Villager (Male) ×2 |
| 29:43 | Research | Caravan |
| 30:53 | Create | Villager (Male) ×5 |
| 30:53 | Create | Villager (Male) ×5 |
| 30:53 | Create | Villager (Male) ×5 |
| 30:53 | Create | Villager (Male) ×5 |
| 31:24 | Build | House |
| 31:25 | Build | House |
| 31:26 | Build | House |
| 31:27 | Build | House |
| 31:30 | Build | House |
| 31:32 | Build | House |
| 31:36 | Create | Trade Cart |
| 31:37 | Create | Trade Cart |
| 31:37 | Create | Trade Cart |
| 31:37 | Create | Trade Cart |
| 31:38 | Create | Trade Cart |
| 31:52 | Build | Farm |
| 32:10 | Build | Farm |
| 33:00 | Research | Hand Cart |
| 33:18 | Create | Villager (Male) ×5 |
| 33:24 | Build | House |
| 33:25 | Build | House |
| 33:26 | Build | House |
| 33:27 | Build | House |
| 33:28 | Build | House |
| 33:29 | Build | House |
| 33:31 | Build | House |
| 34:14 | Build | Siege Workshop |
| 34:16 | Build | Siege Workshop |
| 34:43 | Build | Castle |
| 35:05 | Build | Market |
| 35:08 | Build | Market |
| 35:21 | Research | Bow Saw |
| 35:24 | Research | Heavy Plow |
| 35:43 | Build | Farm |
| 35:43 | Build | Farm |
| 36:34 | Build | Town Center |
| 36:42 | Create | Villager (Male) ×5 |
| 36:48 | Create | Villager (Male) ×5 |
| 36:50 | Create | Villager (Male) ×5 |
| 36:53 | Create | Villager (Male) ×5 |
| 36:54 | Create | Villager (Male) ×5 |
Match timeline
| 7:41 | NightmarE · wall_segment Palisade Wall x28 |
| 8:26 | AK47 · first_building Barracks |
| 9:33 | AK47 · age_up feudal |
| 9:41 | AK47 · first_building Stable |
| 10:29 | Thieuten · first_building Barracks |
| 11:12 | jir0 · age_up feudal |
| 11:28 | Monkey航 · age_up feudal |
| 11:28 | NightmarE · age_up feudal |
| 11:47 | doguss · first_building Barracks |
| 11:48 | Thieuten · age_up feudal |
| 11:52 | Thieuten · first_building Stable |
| 12:19 | doguss · age_up feudal |
| 12:20 | R0XY · age_up feudal |
| 12:53 | Bunny · age_up feudal |
| 13:05 | NightmarE · wall_segment Stone Wall x25 |
| 13:32 | Thieuten · wall_segment Palisade Wall x1 |
| 13:35 | Monkey航 · wall_segment Palisade Wall x1 |
| 13:54 | Bunny · first_building Barracks |
| 14:02 | Monkey航 · wall_segment Palisade Wall x1 |
| 14:06 | Monkey航 · wall_segment Palisade Wall x1 |
| 14:18 | Monkey航 · wall_segment Stone Wall x1 |
| 14:24 | Monkey航 · wall_segment Stone Wall x1 |
| 14:45 | Thieuten · wall_segment Palisade Wall x1 |
| 14:57 | Monkey航 · age_up castle |
| 15:07 | jir0 · age_up castle |
| 15:17 | doguss · wall_segment Palisade Wall x8 |
| 15:18 | Thieuten · age_up castle |
| 15:25 | Monkey航 · first_building Castle |
| 15:28 | doguss · wall_segment Palisade Wall x9 |
| 16:01 | Monkey航 · first_market_buy 100 stone |
| 16:19 | NightmarE · age_up castle |
| 17:07 | NightmarE · first_market_buy 100 stone |
| 17:32 | AK47 · first_market_sell 100 food |
| 19:43 | Monkey航 · first_building Monastery |
| 19:48 | R0XY · age_up castle |
| 20:04 | Monkey航 · wall_segment Stone Wall x31 |
| 20:17 | AK47 · age_up castle |
| 25:02 | Bunny · age_up castle |
| 25:21 | doguss · first_building Archery Range |
| 25:59 | jir0 · first_building Siege Workshop |
| 27:18 | NightmarE · wall_segment Stone Wall x34 |
| 27:27 | Thieuten · first_building Monastery |
| 27:45 | doguss · age_up castle |
| 28:07 | R0XY · first_building Siege Workshop |
| 28:22 | R0XY · first_building Castle |
| 28:40 | AK47 · first_building Siege Workshop |
| 28:44 | NightmarE · first_building Monastery |
| 28:45 | AK47 · first_market_buy 100 stone |
| 28:57 | AK47 · first_building Castle |
| 29:37 | Monkey航 · first_building Barracks |
| 29:48 | jir0 · first_building Barracks |
| 30:15 | R0XY · first_building Barracks |
| 30:30 | Monkey航 · first_building Siege Workshop |
| 30:31 | jir0 · age_up imperial |
| 31:00 | R0XY · first_building Stable |
| 31:08 | NightmarE · first_building Barracks |
| 32:06 | NightmarE · first_building Siege Workshop |
| 32:25 | Monkey航 · first_building Stable |
| 32:28 | NightmarE · first_building Castle |
| 32:38 | Monkey航 · age_up imperial |
| 33:08 | Thieuten · age_up imperial |
| 33:21 | jir0 · first_market_sell 500 food |
| 33:50 | Thieuten · first_market_sell 100 wood |
| 33:52 | NightmarE · age_up imperial |
| 33:54 | Thieuten · first_market_buy 100 food |
| 34:14 | doguss · first_building Siege Workshop |
| 34:18 | Thieuten · first_building Castle |
| 34:33 | AK47 · age_up imperial |
| 34:36 | Monkey航 · first_market_sell 100 food |
| 34:43 | doguss · first_building Castle |
| 34:50 | AK47 · first_building Archery Range |
| 35:22 | R0XY · age_up imperial |
| 36:14 | jir0 · first_building Castle |
| 38:44 | R0XY · first_market_sell 500 wood |
| 38:49 | Thieuten · first_building Siege Workshop |
| 40:48 | Bunny · first_building Monastery |
| 45:13 | Bunny · first_building Siege Workshop |
| 46:33 | doguss · age_up imperial |
| 48:57 | Thieuten · resign |
| 49:30 | Bunny · first_building Castle |
| 50:15 | Bunny · age_up imperial |
| 50:27 | AK47 · first_building Monastery |
[ AI ANALYSIS · 1 CREDIT ]
What really happened in this match?
Wolo.gg analyzes every decision: build order, eco, micro, common mistakes by bracket. Personalized analysis on WhatsApp or Discord in 30 seconds.
Civ guide
Spanish
Perfil
Jugador #2379161